 Dungeon Crawl Stone Soup version 0.28.0-53-g5a82cb258f (webtiles) character file.

Game seed: 6375991978713205208

1615 Zeld the Zephyrmancer (level 8, -4/41 HPs)
             Began as a Tengu Air Elementalist on May 21, 2022.
             Shot with a sling bullet by Joseph (16 damage)
             ... on level 7 of the Dungeon.
             The game lasted 00:06:51 (9659 turns).

Zeld the Zephyrmancer (Tengu Air Elementalist)      Turns: 9659, Time: 00:06:51

Health: -4/41      AC:  2    Str:  9    XL:     8   Next: 96%
Magic:  10/18      EV: 14    Int: 18    God:
Gold:   252        SH:  0    Dex: 14    Spells: 10/20 levels left

rFire   + . .      SeeInvis +   (no weapon)
rCold   + . .      Faith    .   (no shield)
rNeg    + . .      Spirit   .   a - +0 robe
rPois   +          Reflect  .   r - -2 hat of the Alchemist {rElec rPois rF+ rC+ rN+ Will+ rMut rCorr}
rElec   +          Harm     .   v - +0 cloak
rCorr   +          Rampage  .   x - +0 pair of gloves
rMut    +                       (boots unavailable)
Will    +....                   (no amulet)
Stlth   ++........              i - ring of see invisible
HPRegen 0.13/turn               (no ring)
MPRegen 0.16/turn

@: flying quickly and evasively, quick
A: beak, talons 3, nimble flight
a: no special abilities


You were on level 7 of the Dungeon.
You visited 1 branch of the dungeon, and saw 7 of its levels.

You collected 252 gold pieces.

Inventory:

Armour
 a - a +0 robe (worn)
 r - the -2 hat of the Alchemist (worn) {rElec rPois rF+ rC+ rN+ Will+ rMut rCorr}
   (You found it on level 3 of the Dungeon)

   rF:        It protects you from fire.
   rC:        It protects you from cold.
   rElec:     It insulates you from electricity.
   rPois:     It protects you from poison.
   rN:        It protects you from negative energy.
   rCorr:     It protects you from acid and corrosion.
   rMut:      It protects you from mutation.
   Will:      It increases your willpower.
 v - a +0 cloak (worn)
 x - a +0 pair of gloves (worn)
Jewellery
 i - a ring of see invisible (left hand)
Wands
 k - a wand of flame (5)
Scrolls
 b - 6 scrolls of identify {unknown}
 c - 2 scrolls of vulnerability {unknown}
 e - 2 scrolls of torment {unknown}
 f - 2 scrolls of fog {unknown}
 h - 4 scrolls of teleportation {unknown}
 l - a scroll of enchant armour {unknown}
 n - 2 scrolls of brand weapon {unknown}
 o - 2 scrolls of fear {unknown}
 p - 3 scrolls of immolation {unknown}
 t - 2 scrolls of enchant weapon {unknown}
 u - a scroll of silence {unknown}
 w - 2 scrolls of magic mapping {unknown}
Potions
 d - 4 potions of invisibility {unknown}
 g - a potion of curing {unknown}
 j - a potion of cancellation {unknown}
 m - a potion of lignification {unknown}
 q - a potion of might {unknown}
 s - 3 potions of heal wounds {unknown}


   Skills:
 - Level 2.1 Dodging
 - Level 2.0 Stealth
 * Level 6.6 Spellcasting
 + Level 6.5 Conjurations
 * Level 9.9 Air Magic


You had 10 spell levels left.
You knew the following spells:

 Your Spells              Type           Power      Damage    Failure   Level
a - Shock                 Conj/Air       100%       1d9       1%          1
b - Static Discharge      Conj/Air       35%        N/A       1%          2
c - Swiftness             Air            41%        N/A       1%          3
d - Airstrike             Air            20%        N/A       1%          4

Your spell library contained the following spells:

 Spells                   Type           Power      Damage    Failure   Level
 Summon Small Mammal      Summ           20%        N/A       12%         1
 Call Canine Familiar     Summ           5%         N/A       34%         3
 Inner Flame              Hex/Fire       5%         N/A       34%         3
 Portal Projectile        Hex/Tloc       10%        N/A       34%         3
 Summon Guardian Golem    Hex/Summ       5%         N/A       34%         3
 Animate Dead             Necr           2%         N/A       75%         4
 Cause Fear               Hex            2%         N/A       75%         4
 Summon Ice Beast         Ice/Summ       5%         N/A       75%         4
 Blade Hands              Tmut           2%         N/A       97%         5
 Borgnjor's Vile Clutch   Necr/Erth      2%         N/A       97%         5
 Excruciating Wounds      Necr           2%         N/A       97%         5
 Summon Mana Viper        Hex/Summ       5%         N/A       97%         5
 Death Channel            Necr           2%         N/A       100%        6
 Monstrous Menagerie      Summ           2%         N/A       100%        7
 Discord                  Hex            2%         N/A       100%        8


Dungeon Overview and Level Annotations

Branches:
Dungeon (7/15)
 Temple: D:4-7

Altars:
Ashenzari
Cheibriados
Fedhas
Kikubaaqudgha
Wu Jian
The Shining One

Shops:
D:5 *   D:7 [

Annotations:
D:7 Joseph


Innate Abilities, Weirdness & Mutations

You have a beak for a mouth.
You have claws for feet.
Your magical nature lets you fly swiftly and evasively.


Message History

Joseph unwields a +0 quarterstaff.
Joseph wields a +0 hunting sling.
Joseph shoots a sling bullet.
The sling bullet hits you!
Joseph shoots a sling bullet.
The sling bullet closely misses you.
You fly upwards.
There is a stone staircase leading down here.
You start resting.
Magic restored.
You start resting.
HP restored.
You start waiting.
Done waiting.
Things that are here:
a +0 club; a +0 club
Things that are here:
a +0 robe; a +1 dagger of protection
There is a stone staircase leading down here.
You fly downwards.
Level annotation: Joseph Joseph shoots a sling bullet.
The sling bullet hits you!!
There is a stone staircase leading up, spattered with blood here.
Joseph is nearby!
Casting: Airstrike (dangerous; 1% risk of failure)
Confirm with . or Enter, or press ? or * to list all spells.
Aiming: Airstrike (dangerous; 1% risk of failure)
Press: ? - help, Dir - move target, f - Joseph
Aim: Joseph, wielding a +0 hunting sling, wearing a +0 leather armour and quivering sling bullets (empty space bonus: 7/8)
The air twists around and strikes Joseph!
Joseph is moderately wounded.
Joseph shoots a sling bullet.
The sling bullet completely misses you.
Casting: Airstrike (dangerous; 1% risk of failure)
Confirm with . or Enter, or press ? or * to list all spells.
Aiming: Airstrike (dangerous; 1% risk of failure)
Press: ? - help, Dir - move target, f/p - Joseph
Aim: Joseph, wielding a +0 hunting sling, wearing a +0 leather armour and quivering sling bullets (moderately wounded, empty space bonus: 7/8)
The air twists around and strikes Joseph!
Joseph is heavily wounded.
Joseph shoots a sling bullet.
The sling bullet hits you!
* * * LOW HITPOINT WARNING * * *
Joseph shoots a sling bullet.
The sling bullet hits you!
You die...

# . #.######+#
#.#...##.#
#.#)#..#.#
#####......#@#
......Y..##..+
#...<.....+
#.#.....#∩#
...Y...#.#
#!.......#.#
#........#+#
......@....
###...@...)..


You could see Joseph and a sky beast.

Vanquished Creatures
  A water moccasin (D:5)
  A black bear (D:5)
  An ice beast (D:6)
  2 necrophages (D:6)
  2 ogres
  An orc warrior (D:5)
  A centaur (D:7)
  3 bullfrogs
  A scorpion (D:4)
  A water moccasin skeleton (D:6)
  A crimson imp (D:2)
  4 hounds
  Ijyb (D:3)
  3 orc wizards (D:6)
  A hound skeleton (D:4)
  7 gnolls
  6 adders
  A shadow imp (D:3)
  2 worms
  3 dart slugs
  9 orcs
  8 endoplasms
  6 giant cockroaches
  6 goblins
  7 hobgoblins
  3 jackals (D:1)
  6 quokkas
  8 ball pythons
  6 bats
  4 frilled lizards
  2 goblin zombies (D:3)
  A hobgoblin zombie (D:3)
  5 kobolds
  A kobold skeleton (D:3)
  2 orc skeletons (D:3)
  An orc zombie (D:3)
  5 rats
123 creatures vanquished.

Notes
Turn   | Place    | Note
-------+----------+-------------------------------------------
     0 | D:1      | Zeld the Tengu Air Elementalist began the quest for the
                  | Orb.
     0 | D:1      | Reached XP level 1. HP: 10/10 MP: 4/4
   238 | D:1      | Reached XP level 2. HP: 15/15 MP: 3/6
   247 | D:1      | Learned a level 2 spell: Static Discharge
  1078 | D:1      | Reached XP level 3. HP: 11/19 MP: 4/7
  1082 | D:1      | Learned a level 3 spell: Swiftness
  1991 | D:2      | Found a blossoming altar of Fedhas.
  2012 | D:2      | Reached skill level 5 in Air Magic
  2171 | D:2      | Reached XP level 4. HP: 24/24 MP: 6/9
  2276 | D:2      | Found a faded altar of an unknown god.
  2871 | D:3      | Found a glowing golden altar of the Shining One.
  2894 | D:2      | Gained mutation: Your magical nature lets you fly swiftly
                  | and evasively. [Tengu growth]
  2894 | D:2      | Reached XP level 5. HP: 19/28 MP: 1/10
  2950 | D:2      | Learned a level 4 spell: Airstrike
  3205 | D:3      | Noticed Ijyb
  3581 | D:3      | Killed Ijyb
  3812 | D:3      | Found a broken altar of Ashenzari.
  4142 | D:3      | Reached skill level 6 in Air Magic
  4331 | D:3      | Found the -2 hat of the Alchemist {rElec rPois rF+ rC+ rN+
                  | Will+ rMut rCorr}
  5315 | D:4      | Reached XP level 6. HP: 32/32 MP: 6/12
  5948 | D:5      | Entered Level 5 of the Dungeon
  5963 | D:5      | Found Noxkul Ymung's Serpentskin Sales.
  5963 | D:5      | Noticed a water moccasin
  6159 | D:5      | Noticed a black bear
  6166 | D:5      | Killed a black bear
  6354 | D:5      | Noticed an orc warrior
  6394 | D:5      | Killed an orc warrior
  6395 | D:5      | Reached skill level 7 in Air Magic
  6395 | D:5      | Reached XP level 7. HP: 36/36 MP: 0/14
  6568 | D:5      | Found an ancient bone altar of Kikubaaqudgha.
  6579 | D:5      | Found an ornate altar of the Wu Jian Council.
  6763 | D:5      | Found a snail-covered altar of Cheibriados.
  7342 | D:5      | Reached skill level 5 in Spellcasting
  7342 | D:5      | Reached skill level 5 in Conjurations
  7342 | D:5      | Reached skill level 8 in Air Magic
  7687 | D:6      | Reached XP level 8. HP: 41/41 MP: 7/17
  7917 | D:5      | HP: 2/41 [bullfrog (5)]
  8426 | D:6      | Reached skill level 9 in Air Magic
  9432 | D:7      | Noticed Joseph
  9432 | D:7      | Found Pisexaf's Armour Shoppe.
  9659 | D:7      | Shot with a sling bullet by Joseph

Illustrated notes

Levels and vault maps discovered:
D:1:      lemuel_arrival_funnel, layout_basic
D:2:      layout_basic, hellmonk_ecumenical_altar_crossroads, basic_altar
D:3:      layout_basic, mainiacjoe_overflow_chevrons,
          nicolae_tso_besieged_by_evil, uniq_ijyb
D:4:      layout_loops_ring
D:5:      black_bear_nest_2, layout_basic, amethyst_overflow_temple_binary,
          kennysheep_slug_shrine, kennysheep_doodads,
          corexii_item_surrounded_by_moat, serial_bayou_pond_d,
          guppyfry_shop_venom
D:6:      layout_rooms
D:7:      layout_loops_ring, fiery_altar_vehumet,
          minmay_temple_entry_from_below_b, serial_shops,
          nicolae_shop_hallway_stairs, uniq_crazy_yiuf_cottage, uniq_joseph

Skill      XL: |  1  2  3  4  5  6  7  8 |
---------------+-------------------------+-----
Conjurations   | 2 3 4 5 6 |  6.5
Air Magic      | 5 6 7 8 9 |  9.9
Spellcasting   | 3 4 5 6 |  6.6
Dodging        | |  2.1
Stealth        | |  2.0

Action                   |  1- 3 |  4- 6 |  7- 9 || total
-------------------------+-------+-------+-------++-------
Melee: Unarmed           |    18 |    22 |    10 ||    50
       Peck              |     4 |     2 |     4 ||    10
       Kick              |     5 |     3 |     4 ||    12
       Punch             |     1 |       |     1 ||     2
 Cast: Shock             |    24 |    54 |    12 ||    90
       Static Discharge  |    23 |    42 |    18 ||    83
       Airstrike         |       |     5 |    37 ||    42
Evoke: Wand              |       |       |     1 ||     1
 Stab: Sleeping          |     1 |     2 |       ||     3
Armor: Robe              |    10 |    14 |       ||    24
Dodge: Dodged            |    36 |    53 |    34 ||   123
